Cataffi, chaotic male elven Ranger ---- -.|.-- |.....--- |.......| ---.......| .---.---- |.........| .........-- |.........| -..........------.....--.- ---............--....--- - ........(....G@.^........ -----........hG......)--- -.......h.........- ......G........... ........(.....- ........... (......| ..|..- Cataffi the Trailblazer Experience level: 7 Strength: 14 Dexterity: 11 Constitution: 16 Intelligence: 15 Wisdom: 16 Charisma: 7 Health: 0(48) Energy: 38(38) Def: 7 Gold: 311 Moves: 2108 Dungeon seed: qNSN64AKEaJtJqIG Game ID: Cataffi_1521119674 Your Inventory: Coins $ - 311 gold pieces Weapons a - an uncursed +1 elven dagger (weapon in hand) b - an uncursed +1 elven bow (alternate weapon; not wielded) c - 41 uncursed +2 elven arrows (in quiver) d - 39 uncursed +0 elven arrows u - 11 uncursed +0 arrows of detonation Armor e - an uncursed +0 pair of jumping boots (being worn) n - an uncursed +2 elven cloak (being worn) r - an uncursed +0 pair of leather gloves (being worn) y - an uncursed +0 small shield (being worn) z - an uncursed +0 dented pot (being worn) Comestibles f - 4 uncursed lembas wafers Scrolls k - a cursed scroll of confuse monster Potions v - a cursed potion of object detection Rings m - a cursed -1 ring of adornment Wands o - an uncursed wand of sleep (0:0) Tools w - an uncursed oil lamp (lit) (0:1291) Gems q - an uncursed luckstone Spells and supernatural/magical abilities: Name Level Category Fail Memory h - healing 1 healing 89% 99% p - protection 1 clerical 74% 99% s - slow monster 2 enchantment 100% 100% W - pray for help -- divine ? -- Y - supernatural jump -- ability ? -- Your skills at the end: Fighting Skills wands [Basic] Weapon Skills dagger [Skilled] bow [Basic] Spellcasting Skills Final Attributes: You were sleep resistant. You saw invisible. You had automatic searching. You had infravision. You were stealthy. You could jump. You were lucky. You had extra luck. Bad luck did not time out for you. Good luck did not time out for you. You are dead. Vanquished creatures: a watch captain a gnome king 2 lizards a dingo a bugbear 2 water nymphs a pony 5 gnome lords 2 gnomish wizards an elf zombie 2 dwarves a homunculus 2 rothes 5 monkeys 3 coyotes 2 yellow molds 28 gnomes 4 gnome zombies 2 geckos 5 jackals a fox 2 kobolds a goblin a sewer rat 2 grid bugs 2 lichens a newt 81 creatures vanquished. Voluntary challenges: You used a wielded weapon 141 times, starting on turn 31. You read items or engraved 7 times, starting on turn 1481. You never genocided any monsters. You never polymorphed an object. You never changed form. You used no wishes. You never split a pudding. You never wrote Elbereth's name. You violated your moral code, losing 66 points of alignment, starting on turn 904. Dungeon overview: The Dungeons of Doom: levels 1 to 4 Level 1 a long staircase Level 2 a fountain Level 3 a sink Level 4 a fountain stairs to The Gnomish Mines The Gnomish Mines: levels 5 to 8 Level 5 stairs to The Dungeons of Doom Level 6 Level 7 a lighting shop, a temple to Mars, some fountains, a sink Level 8 <- You were here History has recorded: On T:1 you entered the Dungeons of Doom to retrieve the Amulet of Yendor! On T:96 you reached level 2 of The Dungeons of Doom. On T:204 you reached level 3 of The Dungeons of Doom. On T:282 you reached level 4 of The Dungeons of Doom. On T:454 you advanced to experience level 2. On T:557 you reached level 1 of The Gnomish Mines. On T:577 you advanced to experience level 3. On T:646 you advanced to experience level 4. On T:826 you reached level 2 of The Gnomish Mines. On T:878 you advanced to experience level 5. On T:1008 you reached level 3 of The Gnomish Mines. On T:1265 you advanced to experience level 6. On T:1809 you advanced to experience level 7. On T:1983 you reached level 4 of The Gnomish Mines. Score breakdown: Gold: 311 ( 8484 points) Experience: 7 levels (13645 points) Exploration: 8 levels ( 17.78%) (11965 points) Discoveries: 13 items ( 4.42%) ( 6308 points) Valuables value: (no points given unless you survive) Artifact value: 0 ( 0 points) Variety of kills: 27 monsters ( 7.11%) ( 7996 points) Turncount: 2108 turns ( -78 points) Survival: died (score multiplied by 80%) Total score: 38656 Latest messages: You hit the dwarf. The gnome lord wields a thonged club! The gnome lord swings his thonged club at you. The gnome lord hits! You hit the gnome lord. The gnome wields a dagger! Please move the cursor to an unknown object. A peaceful bugbear [seen: normal vision, infravision] on the floor of a room. The dwarf displaces the bugbear. You hear a nearby zap. (3x) It must be a wand of striking. You finish waiting. [22 turns] That command is only available in debug mode. The gnome lord swings his thonged club at you. The gnome lord hits! You hit the gnome lord! The dwarf hits! You hit the dwarf. The gnome lady hits! The gnome lord swings his thonged club at you. The gnome lord hits! You die... For some reason, you think that you can almost hear the Wizard laugh manically... Final status: Goodbye Cataffi the Ranger, killed by a gnome lord... You died in The Gnomish Mines on dungeon level 8 with 38656 points, and 311 pieces of gold, after 2108 moves. You were level 7 with a maximum of 48 hit points when you died.